 Dungeon Crawl Stone Soup version 0.29.0-4-gdea44cf6ec (webtiles) character file.

Game seed: 7075769730546171930

184030 qw the Peltast (level 17, -4/168 HPs)
             Began as a Minotaur Berserker on Sept 6, 2022.
             Was a High Priest of Trog.
             Slain by a naga warrior
             ... wielding a +0 flail
              (18 damage)
             ... on level 4 of the Snake Pit.
             The game lasted 00:13:10 (39052 turns).

qw the Peltast (Minotaur Berserker)                Turns: 39052, Time: 00:13:10

Health: -4/168     AC: 41    Str: 31    XL:     17   Next: 76%
Magic:  6/16       EV: 10    Int:  4    God:    Trog [*****.]
Gold:   827        SH: 25    Dex:  9    Spells: 16/16 levels left

rFire   . . .      SeeInvis +   Y - +1 broad axe (protect)
rCold   . . .      Faith    .   x - +0 tower shield
rNeg    . . .      Spirit   .   s - +6 chain mail of Leaves {SInv}
rPois   +          Reflect  +   v - +2 hat
rElec   .          Harm     .   b - +0 cloak
rCorr   .          Rampage  .   r - +2 pair of gloves
Will    +....      NoTele   +   g - +2 pair of boots
Stlth   ..........              i - amulet of reflection
HPRegen 0.38/turn               m - +4 ring of protection
MPRegen 0.15/turn               a - ring of poison resistance

@: lethally poisoned (-4 -> -5), untranslocatable, under a protective aura, on
berserk cooldown, slowed, very slow
A: horns 2, retaliatory headbutt
a: Renounce Religion, Berserk, Trog's Hand, Brothers in Arms


You were on level 4 of the Snake Pit.
You worshipped Trog.
Trog was extremely pleased with you.
You visited 5 branches of the dungeon, and saw 29 of its levels.

You collected 2695 gold pieces.
You spent 1868 gold pieces at shops.


Innate Abilities, Weirdness & Mutations

You have a pair of horns on your head.
You reflexively headbutt those who attack you in melee.


   Skills:
 + Level 19.5 Fighting
 - Level 18.0 Axes
 - Level 6.2 Throwing
 - Level 16.0 Armour
 - Level 8.0 Dodging
 - Level 20.3 Shields


You had 16 spell levels left.
You didn't know any spells.
Your spell library was empty.

Inventory:

Hand Weapons
 w - a +1 hand axe of flaming
 Y - a +1 broad axe of protection (weapon)
Missiles
 e - 13 boomerangs (quivered)
Armour
 b - a +0 cloak (worn)
 c - a +1 plate armour of fire resistance
 g - a +2 pair of boots (worn)
 r - a +2 pair of gloves (worn)
 s - the +6 chain mail of Leaves (worn) {SInv}
   (You found it on level 8 of the Dungeon)

   SInv:      It lets you see invisible.
 v - a +2 hat (worn)
 x - a +0 tower shield (worn)
Jewellery
 a - a ring of poison resistance (right hand)
 f - a ring of protection from fire
 h - a ring of poison resistance
 i - an amulet of reflection (around neck)
 m - a +4 ring of protection (left hand)
 t - a +4 ring of slaying {mikee}
Scrolls
 l - 15 scrolls of identify
 z - 5 scrolls of teleportation
Potions
 d - 5 potions of might
 j - a potion of resistance
 k - 15 potions of curing
 o - 9 potions of haste
 p - a potion of mutation
 u - 3 potions of cancellation

Dungeon Overview and Level Annotations

Branches:
Dungeon (15/15)            Temple (0/1) D:7            Lair (5/5) D:8
  Swamp (3/4) Lair:3        Snake (4/4) Lair:2        Slime (0/5) Lair:5
    Orc (2/2) D:9             Elf (0/3) Orc:2        Vaults (0/5) D:14
 Depths (0/4) D:15

Altars:
Ashenzari
Cheibriados
Dithmenos
Fedhas
Gozag
Kikubaaqudgha
Okawaru
Ru
Sif Muna
Uskayaw
Wu Jian
Zin
Jiyva

Shops:
D:1 *   D:8 !   Orc:2 (!=!(   Snake:2 [

Portals:
Pandemonium: Orc:2

Annotations:
D:12 2 transporters, Cooqonn's ghost, journeyman DsVM
Orc:1 2 transporters, esran's ghost, journeyman TrFi


Message History

The naga mage points at you and mumbles some strange words.
The bolt of poison misses you. You block the naga warrior's attack.
Your two-headed ogre misses the naga mage.
Your two-headed ogre closely misses the naga mage.
The naga mage spits poison at you. The splash of poison misses you.
The naga sharpshooter unwields a +0 short sword.
The naga sharpshooter wields a +0 shortbow.
The naga sharpshooter shoots an arrow.
You reflect the arrow off an invisible shield around you!
The arrow hits the naga sharpshooter!
The naga sharpshooter constricts you.
The naga warrior hits you from afar with a +2 trident of flaming!
The naga warrior burns you. The naga mage barely misses you.
You hit the naga sharpshooter. You headbutt the naga sharpshooter.
You kill the naga sharpshooter!
Trog accepts your kill.
Trog appreciates your killing of a magic user.
You hit the naga mage but do no damage.
You feel very sick.
Your two-headed ogre hits the naga mage with a +0 giant club!!!
The naga mage dies!
Trog accepts your kill.
Trog appreciates your killing of a magic user.
You block the naga warrior's attack.
You feel sick.
Your two-headed ogre hits the naga warrior with a +0 giant club!! x2
The naga warrior spits poison at you. The splash of poison hits you.
You resist.
Items here: % )) [.
You slice the naga warrior!!
You kill the naga warrior!
Trog accepts your kill.
You feel sick.
You start resting.
You feel sick.
A naga warrior comes into view. It is wielding a +0 flail.
You swap places.
You feel sick.
The naga warrior hits you with a +0 flail!!
You die...

....... .... . . #......
..... .). ........ ......
... ........ ...... ..#..
.<...#... ......
................ #......
...............N#.......
#....#...#....##@)......
.##.........##.O))......
...###...###...).)......
......#.#......)%)....##
....................###
.................####
#.#.........##.###
######...#.#####
##.########################


You could see a naga warrior (strong, curare, ally target) and a friendly
two-headed ogre (summoned, berserk).

Vanquished Creatures
  Saint Roka (Snake:4)
  A tentacled monstrosity (Swamp:3)
  Donald (Swamp:3)
  2 thorn hunters (Swamp:3)
  3 nagarajas (Snake:4)
  Roxanne (Snake:1)
  A frost giant (shapeshifter) (D:14)
  2 eleionomae (Swamp:3)
  A dire elephant (Lair:5)
  A bunyip (Swamp:3)
  An ettin (Orc:1)
  A boulder beetle (D:14)
  A salamander tyrant (Snake:4)
  2 shambling mangroves (Swamp:3)
  A ghost crab (Swamp:1)
  3 demonspawn (Orc:2)
  5 anacondas
  8 hydras
  4 alligators
  4 death yaks
  13 naga warriors
  4 two-headed ogres
  3 tengu warriors
  6 centaur warriors
  10 naga sharpshooters
  7 orc high priests (Orc:2)
  A vampire mage (D:15)
  6 shock serpents
  4 salamander mystics
  A skeletal warrior (D:15)
  A fire crab (shapeshifter) (D:14)
  3 goliath frogs
  A golden dragon zombie (D:15)
  2 spriggan druids
  A lindwurm (D:14)
  A swamp dragon (Swamp:3)
  Pikel (D:8)
  3 bog bodies
  5 orc knights
  5 naga ritualists
  A necromancer (D:15)
  An oklob plant (Swamp:3)
  2 wizards (D:14)
  3 cyclopes
  6 orc sorcerers
  2 manticores
  17 salamanders
  3 will-o-the-wisps
  9 mana vipers
  14 black mambas
  5 ugly things
  5 guardian serpents
  9 elephants (Lair:5)
  13 naga magi
  Maurice (D:10)
  3 torpor snails
  2 smoke demons (Orc:2)
  7 cane toads
  4 gargoyles
  Psyche (D:10)
  6 rime drakes
  4 yaktaurs (D:15)
  A kobold demonologist (D:14)
  3 unseen horrors (D:10)
  2 tengu conjurers (D:14)
  A freezing wraith (D:14)
  A guardian mummy (D:15)
  12 komodo dragons
  4 trolls
  4 polar bears
  4 hornets
  12 tyrant leeches
  9 blink frogs
  A snapping turtle (Lair:5)
  13 slime creatures
  A spriggan zombie (D:15)
  15 dream sheep
  5 spriggans
  8 wyverns
  A vampire (D:12)
  2 shadows (D:13)
  3 wraiths
  51 yaks
  4 basilisks
  8 vampire mosquitoes
  A neqoxec (Orc:2)
  A steam dragon (D:10)
  11 swamp worms
  4 wargs
  38 nagas
  3 acid dragons
  18 water moccasins
  3 ice beasts
  28 orc warriors
  A black bear (Lair:1)
  2 sky beasts
  A tengu (shapeshifter) (D:14)
  15 wolves (Lair:1)
  4 ogres
  4 centaurs
  4 phantoms
  2 lemures (D:8)
  2 kobold brigands
  5 bullfrogs
  2 necrophages
  5 scorpions
  An oklob sapling (Swamp:3)
  22 killer bees
  5 electric eels
  6 howler monkeys
  5 hounds
  27 orc priests
  5 jellies
  2 gnoll boudas
  4 hell rats (Lair:3)
  19 orc wizards
  4 iguanas
  5 adders (D:2)
  16 gnolls
  An ufetubus (D:5)
  A worm (D:2)
  3 dart slugs
  67 orcs
  7 ball pythons
  9 endoplasms
  3 giant cockroaches
  6 goblins
  8 hobgoblins
  6 jackals
  4 quokkas
  8 bats
  A frilled lizard (D:2)
  16 kobolds
  5 rats
  A briar patch (Swamp:3)
826 creatures vanquished.

Vanquished Creatures (collateral kills)
  A spriggan zombie (D:15)
  2 hydras (Lair:1)
  A merfolk avatar (Lair:5)
  Erica (D:11)
  A spriggan (Swamp:1)
  A deep elf pyromancer (D:14)
  A stone giant zombie (D:15)
  A naga mage (Snake:4)
  A hornet (Swamp:1)
  5 yaks (Lair:5)
  A wolf (Lair:1)
16 creatures vanquished.

Vanquished Creatures (others)
  A hydra (Swamp:3)
  3 bloated husks
  2 briar patches (Swamp:3)
  30 foxfires
  41 fungi
  66 plants
  17 withered plants
160 creatures vanquished.

Grand Total: 1002 creatures vanquished

Notes
Turn   | Place    | Note
-------+----------+-------------------------------------------
     0 | D:1      | qw the Minotaur Berserker began the quest for the Orb.
     0 | D:1      | Reached XP level 1. HP: 19/19 MP: 0/0
     0 | D:1      | 0 ||| qw: Version: 0.1-a-108-g9e35731
     0 | D:1      | 0 ||| qw: Game counter: 6189
     0 | D:1      | 0 ||| qw: Always use a shield: true
     0 | D:1      | 0 ||| qw: Do Orc after D:15 true
     0 | D:1      | 0 ||| qw: Do second Lair branch before Depths: true
     0 | D:1      | 0 ||| qw: Lair rune preference: random
     0 | D:1      | 0 ||| qw: Plans: Normal
     0 | D:1      | 0 ||| PLANNING D:1-11
   311 | D:1      | 311 ||| Stepping ~*~*~tactically~*~*~ (stealth).
   324 | D:1      | Reached XP level 2. HP: 26/26 MP: 1/1
   351 | D:1      | Found Wos Myam's General Store.
   362 | D:1      | 362 ||| SHOPLISTING +6 scale mail of the Gate {rC+} (672
                  | gold, have 29).
   362 | D:1      | 362 ||| BUYING scroll of identify (28 gold).
   362 | D:1      | Bought a scroll of identify for 28 gold pieces
   364 | D:1      | 364 ||| DROPPING +0 club.
   736 | D:1      | 736 ||| UPGRADING to +0 pair of boots.
   741 | D:1      | 741 ||| UPGRADING to +1 pair of boots.
   751 | D:1      | 751 ||| DROPPING +0 pair of boots.
   752 | D:1      | 752 ||| UPGRADING to +0 leather armour.
   762 | D:1      | 762 ||| DROPPING +0 animal skin.
   763 | D:1      | 763 ||| UPGRADING to ring of positive energy.
   764 | D:1      | 764 ||| READING scroll labelled TIJOYH AS HYFA.
   880 | D:1      | 880 ||| READING scroll labelled DAETIT EHONEE.
   881 | D:1      | 881 ||| READING scroll labelled HEUT FAKHLECLOM.
   894 | D:2      | 894 ||| Stepping ~*~*~tactically~*~*~ (stealth).
   896 | D:2      | 896 ||| INVOKING Berserk.
   902 | D:2      | Reached XP level 3. HP: 31/31 MP: 2/2
   909 | D:2      | 909 ||| FLEEEEING.
   910 | D:2      | 910 ||| FLEEEEING.
   911 | D:2      | 911 ||| STAIRDANCE
  1029 | D:2      | 1029 ||| STAIRDANCE
  1035 | D:2      | 1035 ||| Stepping ~*~*~tactically~*~*~ (stealth).
  1119 | D:2      | Reached ** piety under Trog
  1278 | D:2      | Reached skill level 6 in Axes
  1278 | D:2      | Reached XP level 4. HP: 32/39 MP: 3/3
  1308 | D:2      | 1308 ||| FLEEEEING.
  1481 | D:2      | 1481 ||| Stepping ~*~*~tactically~*~*~ (stealth).
  1482 | D:2      | 1482 ||| Stepping ~*~*~tactically~*~*~ (stealth).
  1498 | D:2      | 1498 ||| Stepping ~*~*~tactically~*~*~ (stealth).
  1499 | D:2      | 1499 ||| Stepping ~*~*~tactically~*~*~ (stealth).
  1525 | D:2      | 1525 ||| INVOKING Berserk.
  1528 | D:2      | Found a faded altar of an unknown god.
  1881 | D:2      | 1881 ||| UPGRADING to +0 scale mail.
  1891 | D:2      | 1891 ||| UPGRADING to +0 chain mail.
  1901 | D:2      | 1901 ||| DROPPING +0 scale mail.
  1902 | D:2      | 1902 ||| DROPPING +0 leather armour.
  1903 | D:2      | 1903 ||| UPGRADING to amulet of reflection.
  1908 | D:2      | 1908 ||| READING scroll labelled NEUJ NUADETS.
  1909 | D:2      | 1909 ||| READING scroll labelled CIOCVA QEDA.
  1910 | D:2      | 1910 ||| READING scroll labelled DULANK NYPOW.
  1911 | D:2      | 1911 ||| READING 2 scrolls of identify.
  1911 | D:2      | 1911 ||| IDENTIFYING fuming orange potion
  1949 | D:3      | 1949 ||| INVOKING Berserk.
  1952 | D:3      | Reached XP level 5. HP: 45/45 MP: 4/4
  1987 | D:3      | 1987 ||| FLEEEEING.
  1996 | D:3      | 1996 ||| STAIRDANCE
  2017 | D:3      | 2017 ||| INVOKING Berserk.
  2131 | D:3      | 2131 ||| Stepping ~*~*~tactically~*~*~ (stealth).
  2133 | D:3      | 2133 ||| Stepping ~*~*~tactically~*~*~ (stealth).
  2135 | D:3      | 2135 ||| Stepping ~*~*~tactically~*~*~ (hiding).
  2140 | D:3      | 2140 ||| INVOKING Berserk.
  2338 | D:3      | Reached XP level 6. HP: 33/52 MP: 5/5
  2540 | D:3      | 2540 ||| Stepping ~*~*~tactically~*~*~ (stealth).
  2634 | D:3      | 2634 ||| Stepping ~*~*~tactically~*~*~ (hiding).
  2635 | D:3      | 2635 ||| INVOKING Berserk.
  2913 | D:3      | 2913 ||| Stepping ~*~*~tactically~*~*~ (stealth).
  2916 | D:3      | 2916 ||| Stepping ~*~*~tactically~*~*~ (stealth).
  2917 | D:3      | 2917 ||| INVOKING Berserk.
  3042 | D:3      | 3042 ||| DROPPING +0 whip.
  3310 | D:3      | 3310 ||| UPGRADING to ring of poison resistance.
  3311 | D:3      | 3311 ||| READING scroll labelled TITTONL OCUD.
  3312 | D:3      | 3312 ||| DRINKING 2 clear potions.
  3313 | D:3      | 3313 ||| READING 2 scrolls of identify.
  3313 | D:3      | 3313 ||| IDENTIFYING glowing inky potion
  3314 | D:3      | 3314 ||| DROPPING potion of lignification.
  3315 | D:3      | 3315 ||| DROPPING potion of flight.
  3409 | D:4      | Reached skill level 9 in Axes
  3544 | D:4      | 3544 ||| SWAPPING to +0 war axe.
  3545 | D:4      | 3545 ||| DROPPING +0 hand axe.
  3573 | D:4      | Reached skill level 3 in Armour
  3585 | D:4      | 3585 ||| INVOKING Berserk.
  3602 | D:4      | Reached *** piety under Trog
  3643 | D:4      | 3643 ||| Stepping ~*~*~tactically~*~*~ (stealth).
  3651 | D:4      | 3651 ||| Stepping ~*~*~tactically~*~*~ (stealth).
  3652 | D:4      | 3652 ||| Stepping ~*~*~tactically~*~*~ (stealth).
  3661 | D:4      | 3661 ||| Stepping ~*~*~tactically~*~*~ (stealth).
  3672 | D:4      | 3672 ||| Stepping ~*~*~tactically~*~*~ (stealth).
  3678 | D:4      | 3678 ||| Stepping ~*~*~tactically~*~*~ (stealth).
  3680 | D:4      | Reached XP level 7. HP: 54/60 MP: 6/6
  3712 | D:4      | 3712 ||| INVOKING Berserk.
  3873 | D:4      | 3873 ||| Stepping ~*~*~tactically~*~*~ (stealth).
  3875 | D:4      | 3875 ||| Stepping ~*~*~tactically~*~*~ (hiding).
  3881 | D:4      | 3881 ||| INVOKING Berserk.
  4251 | D:4      | 4251 ||| DROPPING amulet of guardian spirit.
  4252 | D:4      | 4252 ||| READING scroll labelled IPAWOQ RI YZISTIOQ.
  4253 | D:4      | 4253 ||| READING scroll labelled OTAJYXEMOE.
  4258 | D:4      | 4258 ||| DRINKING 2 sedimented brown potions.
  4274 | D:5      | Entered Level 5 of the Dungeon
  4373 | D:5      | Reached skill level 1 in Throwing
  4423 | D:5      | 4423 ||| INVOKING Berserk.
  4469 | D:5      | 4469 ||| Stepping ~*~*~tactically~*~*~ (stealth).
  4477 | D:5      | Reached skill level 6 in Fighting
  4588 | D:5      | Reached XP level 8. HP: 66/70 MP: 7/7
  4692 | D:5      | 4692 ||| INVOKING Berserk.
  4830 | D:5      | Found a shadowy altar of Dithmenos.
  4832 | D:5      | 4832 ||| DROPPING orb of wrath.
  4833 | D:5      | 4833 ||| UPGRADING to quicksilver dragon scales.
  4843 | D:5      | 4843 ||| DROPPING +0 chain mail.
  4844 | D:5      | 4844 ||| UPGRADING to +4 ring of protection.
  4846 | D:5      | 4846 ||| READING scroll labelled PADUIS QIH ACK.
  4847 | D:5      | 4847 ||| DRINKING 2 lumpy amethyst potions.
  4848 | D:5      | 4848 ||| DROPPING potion of attraction.
  4849 | D:5      | 4849 ||| Stepping randomly (stuck).
  4850 | D:5      | 4850 ||| Stepping randomly (stuck).
  4851 | D:5      | 4851 ||| Stepping randomly (stuck).
  4853 | D:5      | 4853 ||| Stepping randomly (stuck).
  4855 | D:5      | 4855 ||| Stepping randomly (stuck).
  4856 | D:5      | 4856 ||| Stepping randomly (stuck).
  4857 | D:5      | 4857 ||| Stepping randomly (stuck).
  4860 | D:5      | 4860 ||| Stepping randomly (stuck).
  4861 | D:5      | 4861 ||| Stepping randomly (stuck).
  4862 | D:5      | 4862 ||| Stepping randomly (stuck).
  4863 | D:5      | 4863 ||| Stepping randomly (stuck).
  4864 | D:5      | 4864 ||| Stepping randomly (stuck).
  4865 | D:5      | 4865 ||| Stepping randomly (stuck).
  4866 | D:5      | 4866 ||| Stepping randomly (stuck).
  4867 | D:5      | 4867 ||| Stepping randomly (stuck).
  4868 | D:5      | 4868 ||| Stepping randomly (stuck).
  4869 | D:5      | 4869 ||| Stepping randomly (stuck).
  4870 | D:5      | 4870 ||| Stepping randomly (stuck).
  4871 | D:5      | 4871 ||| Stepping randomly (stuck).
  4872 | D:5      | 4872 ||| Stepping randomly (stuck).
  4873 | D:5      | 4873 ||| Stepping randomly (stuck).
  4874 | D:5      | 4874 ||| Stepping randomly (stuck).
  4875 | D:5      | 4875 ||| Stepping randomly (stuck).
  4876 | D:5      | 4876 ||| Stepping randomly (stuck).
  4877 | D:5      | 4877 ||| Stepping randomly (stuck).
  4878 | D:5      | 4878 ||| Stepping randomly (stuck).
  4949 | D:5      | Found an ancient bone altar of Kikubaaqudgha.
  5189 | D:5      | 5189 ||| DRINKING 2 golden potions.
  5190 | D:5      | 5190 ||| DROPPING potion of degeneration.
  5216 | D:6      | 5216 ||| INVOKING Berserk.
  5236 | D:6      | 5236 ||| FLEEEEING.
  5237 | D:6      | 5237 ||| STAIRDANCE
  5245 | D:5      | Reached skill level 12 in Axes
  5403 | D:6      | 5403 ||| Stepping ~*~*~tactically~*~*~ (stealth).
  5404 | D:6      | 5404 ||| Stepping ~*~*~tactically~*~*~ (stealth).
  5407 | D:6      | 5407 ||| Stepping ~*~*~tactically~*~*~ (stealth).
  5450 | D:6      | 5450 ||| Stepping ~*~*~tactically~*~*~ (stealth).
  5468 | D:6      | 5468 ||| INVOKING Berserk.
  5665 | D:6      | Reached XP level 9. HP: 79/79 MP: 8/8
  5675 | D:6      | 5675 ||| DROPPING +0 flail.
  5779 | D:6      | Reached **** piety under Trog
  5855 | D:6      | 5855 ||| INVOKING Berserk.
  6170 | D:6      | 6170 ||| UPGRADING to +0 cloak.
  6175 | D:6      | 6175 ||| READING 3 scrolls of identify.
  6175 | D:6      | 6175 ||| IDENTIFYING green potion
  6176 | D:6      | 6176 ||| READING 2 scrolls of identify.
  6176 | D:6      | 6176 ||| IDENTIFYING amethyst potion
  6265 | D:7      | 6265 ||| INVOKING Berserk.
  6388 | D:7      | Found a staircase to the Ecumenical Temple.
  6743 | D:7      | 6743 ||| Stepping ~*~*~tactically~*~*~ (hiding).
  6756 | D:7      | 6756 ||| Stepping ~*~*~tactically~*~*~ (stealth).
  6759 | D:7      | 6759 ||| INVOKING Berserk.
  6778 | D:7      | Reached skill level 3 in Dodging
  7069 | D:7      | 7069 ||| INVOKING Berserk.
  7276 | D:8      | 7276 ||| INVOKING Berserk.
  7292 | D:8      | 7292 ||| FLEEEEING.
  7293 | D:8      | 7293 ||| STAIRDANCE
  7420 | D:8      | 7420 ||| Stepping ~*~*~tactically~*~*~ (stealth).
  7486 | D:8      | Found Bevam's Distillery.
  7492 | D:8      | 7492 ||| BUYING potion of cancellation (96 gold).
  7492 | D:8      | Bought a potion of cancellation for 96 gold pieces
  7492 | D:8      | 7492 ||| BUYING potion of curing (36 gold).
  7492 | D:8      | Bought a potion of curing for 36 gold pieces
  7492 | D:8      | 7492 ||| BUYING potion of curing (36 gold).
  7492 | D:8      | Bought a potion of curing for 36 gold pieces
  7497 | D:8      | 7497 ||| Stepping ~*~*~tactically~*~*~ (stealth).
  7568 | D:8      | 7568 ||| Stepping ~*~*~tactically~*~*~ (hiding).
  7573 | D:8      | 7573 ||| Stepping ~*~*~tactically~*~*~ (stealth).
  7581 | D:8      | 7581 ||| Stepping ~*~*~tactically~*~*~ (stealth).
  7584 | D:8      | Found a broken altar of Ashenzari.
  7589 | D:8      | 7589 ||| INVOKING Berserk.
  7776 | D:8      | Found a staircase to the Lair.
  7835 | D:8      | Noticed Pikel
  7836 | D:8      | 7836 ||| Stepping ~*~*~tactically~*~*~ (stealth).
  7844 | D:8      | 7844 ||| INVOKING Berserk.
  7850 | D:8      | Reached skill level 6 in Armour
  7850 | D:8      | Killed Pikel
  7851 | D:8      | Reached XP level 10. HP: 88/88 MP: 9/9
  7937 | D:8      | Identified the +6 chain mail of Leaves {SInv}
  7964 | D:8      | 7964 ||| Stepping ~*~*~tactically~*~*~ (stealth).
  8004 | D:8      | 8004 ||| Stepping ~*~*~tactically~*~*~ (stealth).
  8138 | D:8      | Found a blossoming altar of Fedhas.
  8151 | D:8      | Found a snail-covered altar of Cheibriados.
  8211 | D:8      | Found a glowing silver altar of Zin.
  8244 | D:8      | Found an ornate altar of the Wu Jian Council.
  8317 | D:8      | 8317 ||| PLANNING LAIR
  8317 | D:8      | 8317 ||| UPGRADING to +6 chain mail of Leaves {SInv}.
  8327 | D:8      | 8327 ||| DROPPING quicksilver dragon scales.
  8328 | D:8      | 8328 ||| DRINKING 2 black potions.
  8429 | D:8      | 8429 ||| DROPPING potion of ambrosia.
  8492 | Lair:1   | Entered Level 1 of the Lair of Beasts
  8514 | Lair:1   | Noticed an eight-headed hydra
  8515 | Lair:1   | 8515 ||| INVOKING Brothers in Arms.
  8516 | Lair:1   | 8516 ||| INVOKING Brothers in Arms.
  8517 | Lair:1   | 8517 ||| INVOKING Brothers in Arms.
  8518 | Lair:1   | 8518 ||| INVOKING Brothers in Arms.
  8519 | Lair:1   | 8519 ||| INVOKING Brothers in Arms.
  8520 | Lair:1   | 8520 ||| INVOKING Brothers in Arms.
  8521 | Lair:1   | 8521 ||| INVOKING Brothers in Arms.
  8522 | Lair:1   | 8522 ||| INVOKING Brothers in Arms.
  8523 | Lair:1   | 8523 ||| SWAPPING to +0 hand axe of flaming.
  8524 | Lair:1   | 8524 ||| INVOKING Berserk.
  8528 | Lair:1   | Killed a five-headed hydra
  8529 | Lair:1   | Reached skill level 9 in Fighting
  8774 | Lair:1   | 8774 ||| SWAPPING to +0 war axe.
  8791 | Lair:1   | Reached skill level 15 in Axes
  8945 | Lair:1   | 8945 ||| INVOKING Berserk.
  9044 | Lair:1   | 9044 ||| Stepping ~*~*~tactically~*~*~ (stealth).
  9059 | Lair:1   | 9059 ||| Stepping ~*~*~tactically~*~*~ (stealth).
  9061 | Lair:1   | Noticed an eight-headed hydra
  9062 | Lair:1   | 9062 ||| Stepping ~*~*~tactically~*~*~ (stealth).
  9066 | Lair:1   | 9066 ||| Stepping ~*~*~tactically~*~*~ (stealth).
  9074 | Lair:1   | 9074 ||| INVOKING Brothers in Arms.
  9075 | Lair:1   | 9075 ||| INVOKING Brothers in Arms.
  9076 | Lair:1   | 9076 ||| INVOKING Brothers in Arms.
  9077 | Lair:1   | 9077 ||| SWAPPING to +0 hand axe of flaming.
  9078 | Lair:1   | 9078 ||| INVOKING Berserk.
  9083 | Lair:1   | Killed a four-headed hydra
  9104 | Lair:1   | 9104 ||| Stepping ~*~*~tactically~*~*~ (stealth).
  9105 | Lair:1   | 9105 ||| Stepping ~*~*~tactically~*~*~ (hiding).
  9106 | Lair:1   | 9106 ||| SWAPPING to +0 war axe.
  9121 | Lair:1   | HP: 21/91 [komodo dragon (16)]
  9122 | Lair:1   | 9122 ||| READING scroll of teleportation.
  9123 | Lair:1   | 9123 ||| DRINKING 2 potions of heal wounds.
  9135 | Lair:1   | HP: 16/91 [wolf (7)]
  9136 | Lair:1   | 9136 ||| DRINKING potion of heal wounds.
  9355 | Lair:1   | 9355 ||| Stepping ~*~*~tactically~*~*~ (stealth).
  9359 | Lair:1   | 9359 ||| Stepping ~*~*~tactically~*~*~ (stealth).
  9456 | Lair:1   | Noticed a cane toad
  9460 | Lair:1   | 9460 ||| INVOKING Berserk.
  9464 | Lair:1   | Killed a cane toad
  9465 | Lair:1   | Reached XP level 11. HP: 99/99 MP: 10/10
  9661 | Lair:1   | 9661 ||| Stepping ~*~*~tactically~*~*~ (stealth).
  9666 | Lair:1   | 9666 ||| INVOKING Berserk.
  9838 | Lair:1   | 9838 ||| INVOKING Berserk.
 10116 | Lair:1   | 10116 ||| Stepping ~*~*~tactically~*~*~ (stealth).
 10117 | Lair:1   | 10117 ||| Stepping ~*~*~tactically~*~*~ (stealth).
 10118 | Lair:1   | 10118 ||| Stepping ~*~*~tactically~*~*~ (stealth).
 10119 | Lair:1   | 10119 ||| Stepping ~*~*~tactically~*~*~ (stealth).
 10120 | Lair:1   | 10120 ||| Stepping ~*~*~tactically~*~*~ (stealth).
 10121 | Lair:1   | 10121 ||| Stepping ~*~*~tactically~*~*~ (stealth).
 10125 | Lair:1   | 10125 ||| INVOKING Berserk.
 10560 | Lair:1   | 10560 ||| DROPPING ring of flight.
 10572 | Lair:2   | 10572 ||| INVOKING Berserk.
 10683 | Lair:2   | Found a staircase to the Snake Pit.
 10687 | Lair:2   | 10687 ||| INVOKING Berserk.
 10808 | Lair:2   | 10808 ||| Stepping ~*~*~tactically~*~*~ (stealth).
 11077 | Lair:2   | 11077 ||| INVOKING Berserk.
 11089 | Lair:2   | Reached skill level 9 in Armour
 11247 | Lair:2   | Noticed a death yak
 11251 | Lair:2   | Noticed a death yak
 11251 | Lair:2   | Noticed a death yak
 11252 | Lair:2   | 11252 ||| Stepping ~*~*~tactically~*~*~ (stealth).
 11253 | Lair:2   | 11253 ||| INVOKING Berserk.
 11263 | Lair:2   | Killed a death yak
 11274 | Lair:2   | Killed a death yak
 11275 | Lair:2   | Reached skill level 12 in Fighting
 11276 | Lair:2   | Killed a death yak
 11496 | Lair:2   | 11496 ||| READING scroll of enchant armour.
 11496 | Lair:2   | 11496 ||| ENCHANTING +1 pair of boots.
 11688 | Lair:2   | 11688 ||| INVOKING Berserk.
 12009 | Lair:2   | 12009 ||| DROPPING orb of energy.
 12010 | Lair:2   | 12010 ||| UPGRADING to +0 pair of gloves.
 12015 | Lair:2   | 12015 ||| UPGRADING to +0 kite shield.
 12047 | Lair:3   | 12047 ||| INVOKING Berserk.
 12049 | Lair:3   | Reached skill level 2 in Shields
 12157 | Lair:3   | Found a staircase to the Swamp.
 12210 | Lair:3   | 12210 ||| Stepping ~*~*~tactically~*~*~ (stealth).
 12211 | Lair:3   | 12211 ||| Stepping ~*~*~tactically~*~*~ (stealth).
 12240 | Lair:3   | 12240 ||| INVOKING Berserk.
 12245 | Lair:3   | Reached skill level 3 in Shields
 12364 | Lair:3   | 12364 ||| INVOKING Berserk.
 12370 | Lair:3   | Reached skill level 4 in Shields
 12379 | Lair:3   | 12379 ||| Stepping ~*~*~tactically~*~*~ (stealth).
 12498 | Lair:3   | 12498 ||| Stepping ~*~*~tactically~*~*~ (stealth).
 12499 | Lair:3   | 12499 ||| Stepping ~*~*~tactically~*~*~ (stealth).
 12505 | Lair:3   | Reached skill level 5 in Shields
 12507 | Lair:3   | 12507 ||| Stepping ~*~*~tactically~*~*~ (stealth).
 12626 | Lair:3   | 12626 ||| Stepping ~*~*~tactically~*~*~ (stealth).
 12633 | Lair:3   | Reached skill level 6 in Shields
 12744 | Lair:3   | 12744 ||| Stepping ~*~*~tactically~*~*~ (stealth).
 12746 | Lair:3   | 12746 ||| Stepping ~*~*~tactically~*~*~ (stealth).
 12751 | Lair:3   | Reached XP level 12. HP: 113/113 MP: 11/11
 12753 | Lair:3   | Reached skill level 7 in Shields
 12847 | Lair:3   | 12847 ||| Stepping ~*~*~tactically~*~*~ (hiding).
 12960 | Lair:3   | Noticed a seven-headed hydra
 12965 | Lair:3   | 12965 ||| SWAPPING to +0 hand axe of flaming.
 12967 | Lair:3   | 12967 ||| INVOKING Berserk.
 12971 | Lair:3   | Killed a three-headed hydra
 12975 | Lair:3   | Reached skill level 8 in Shields
 13012 | Lair:3   | 13012 ||| SWAPPING to +0 war axe.
 13021 | Lair:3   | 13021 ||| Stepping ~*~*~tactically~*~*~ (hiding).
 13022 | Lair:3   | 13022 ||| Stepping ~*~*~tactically~*~*~ (hiding).
 13023 | Lair:3   | 13023 ||| Stepping ~*~*~tactically~*~*~ (hiding).
 13024 | Lair:3   | 13024 ||| Stepping ~*~*~tactically~*~*~ (hiding).
 13093 | Lair:3   | 13093 ||| INVOKING Berserk.
 13096 | Lair:3   | Reached skill level 9 in Shields
 13250 | Lair:3   | Noticed a six-headed hydra
 13251 | Lair:3   | 13251 ||| INVOKING Brothers in Arms.
 13253 | Lair:3   | 13253 ||| SWAPPING to +0 hand axe of flaming.
 13255 | Lair:3   | 13255 ||| INVOKING Berserk.
 13260 | Lair:3   | Killed a five-headed hydra
 13261 | Lair:3   | Reached skill level 10 in Shields
 13274 | Lair:3   | 13274 ||| SWAPPING to +0 war axe.
 13496 | Lair:3   | 13496 ||| DROPPING amulet of magic regeneration.
 13497 | Lair:3   | 13497 ||| READING 8 scrolls of identify.
 13497 | Lair:3   | 13497 ||| IDENTIFYING viscous cyan potion
 13510 | Lair:4   | 13510 ||| INVOKING Berserk.
 13519 | Lair:4   | 13519 ||| STAIRDANCE
 13623 | Lair:4   | 13623 ||| INVOKING Berserk.
 13625 | Lair:4   | 13625 ||| STAIRDANCE
 13758 | Lair:4   | 13758 ||| INVOKING Berserk.
 13876 | Lair:4   | 13876 ||| INVOKING Berserk.
 13887 | Lair:4   | Reached skill level 11 in Shields
 14402 | Lair:4   | 14402 ||| Stepping ~*~*~tactically~*~*~ (hiding).
 14413 | Lair:4   | Reached skill level 3 in Throwing
 14594 | Lair:4   | 14594 ||| READING scroll labelled QIS ZABLOJAEK.
 14624 | Lair:5   | Entered Level 5 of the Lair of Beasts
 14627 | Lair:5   | 14627 ||| INVOKING Berserk.
 14639 | Lair:5   | 14639 ||| FLEEEEING.
 14640 | Lair:5   | 14640 ||| FLEEEEING.
 14641 | Lair:5   | 14641 ||| STAIRDANCE
 14745 | Lair:5   | 14745 ||| STAIRDANCE
 14808 | Lair:5   | 14808 ||| Stepping ~*~*~tactically~*~*~ (hiding).
 14816 | Lair:5   | 14816 ||| STAIRDANCE
 14884 | Lair:5   | Found a viscous altar of Jiyva.
 14884 | Lair:5   | Found a staircase to the Slime Pits.
 14897 | Lair:5   | Noticed a death yak
 14900 | Lair:5   | Reached skill level 12 in Shields
 14902 | Lair:5   | 14902 ||| INVOKING Berserk.
 14916 | Lair:5   | Killed a death yak
 14940 | Lair:5   | Noticed a dire elephant
 14946 | Lair:5   | 14946 ||| INVOKING Berserk.
 14952 | Lair:5   | Killed a dire elephant
 14989 | Lair:5   | 14989 ||| FLEEEEING.
 14993 | Lair:5   | 14993 ||| INVOKING Berserk.
 14995 | Lair:5   | Reached skill level 13 in Shields
 15128 | Lair:5   | 15128 ||| Stepping ~*~*~tactically~*~*~ (stealth).
 15129 | Lair:5   | 15129 ||| Stepping ~*~*~tactically~*~*~ (stealth).
 15130 | Lair:5   | 15130 ||| Stepping ~*~*~tactically~*~*~ (stealth).
 15142 | Lair:5   | Reached XP level 13. HP: 110/119 MP: 12/12
 15179 | Lair:5   | 15179 ||| INVOKING Berserk.
 15264 | Lair:5   | 15264 ||| Stepping ~*~*~tactically~*~*~ (stealth).
 15301 | Lair:5   | 15301 ||| INVOKING Trog's Hand.
 15312 | Lair:5   | 15312 ||| INVOKING Brothers in Arms.
 15313 | Lair:5   | 15313 ||| INVOKING Brothers in Arms.
 15314 | Lair:5   | 15314 ||| INVOKING Brothers in Arms.
 15315 | Lair:5   | 15315 ||| SWAPPING to +0 hand axe of flaming.
 15316 | Lair:5   | 15316 ||| Stepping ~*~*~tactically~*~*~ (water).
 15322 | Lair:5   | 15322 ||| INVOKING Trog's Hand.
 15329 | Lair:5   | 15329 ||| SWAPPING to +0 war axe.
 15329 | Lair:5   | HP: 26/122 [yak (10)]
 15330 | Lair:5   | 15330 ||| READING scroll of teleportation.
 15331 | Lair:5   | 15331 ||| DRINKING 2 potions of heal wounds.
 15342 | Lair:5   | 15342 ||| INVOKING Trog's Hand.
 15346 | Lair:5   | Reached skill level 6 in Throwing
 15351 | Lair:5   | 15351 ||| INVOKING Berserk.
 15618 | Lair:5   | 15618 ||| INVOKING Berserk.
 15703 | Lair:5   | 15703 ||| Stepping ~*~*~tactically~*~*~ (stealth).
 15836 | Lair:5   | 15836 ||| Stepping ~*~*~tactically~*~*~ (stealth).
 15837 | Lair:5   | 15837 ||| Stepping ~*~*~tactically~*~*~ (stealth).
 15862 | Lair:5   | 15862 ||| INVOKING Berserk.
 16224 | Lair:5   | 16224 ||| Stepping ~*~*~tactically~*~*~ (hiding).
 16237 | Lair:5   | 16237 ||| DRINKING potion of cancellation.
 16359 | Lair:5   | 16359 ||| INVOKING Berserk.
 16737 | Lair:5   | 16737 ||| Stepping ~*~*~tactically~*~*~ (hiding).
 16897 | Lair:5   | 16897 ||| PLANNING D:1-11
 16897 | Lair:5   | 16897 ||| DROPPING amulet of the acrobat.
 16898 | Lair:5   | 16898 ||| DROPPING +6 ring of intelligence.
 16899 | Lair:5   | 16899 ||| READING scroll labelled WECHIU LOGO.
 16900 | Lair:5   | 16900 ||| READING scroll labelled CIJYST XEUSU.
 16901 | Lair:5   | 16901 ||| DRINKING 2 silvery potions.
 16902 | Lair:5   | 16902 ||| READING 8 scrolls of identify.
 16902 | Lair:5   | 16902 ||| IDENTIFYING white potion
 16903 | Lair:5   | 16903 ||| READING 7 scrolls of identify.
 16903 | Lair:5   | 16903 ||| IDENTIFYING orange potion
 16904 | Lair:5   | 16904 ||| DRINKING potion of experience.
 16904 | Lair:5   | Reached skill level 15 in Shields
 16904 | Lair:5   | Reached XP level 14. HP: 132/132 MP: 13/13
 16905 | Lair:5   | 16905 ||| DROPPING potion of magic.
 16906 | Lair:5   | 16906 ||| DROPPING potion of invisibility.
 17091 | D:9      | 17091 ||| Stepping ~*~*~tactically~*~*~ (stealth).
 17203 | D:9      | 17203 ||| Stepping ~*~*~tactically~*~*~ (stealth).
 17249 | D:9      | 17249 ||| FLEEEEING.
 17332 | D:9      | Found an opulent altar of Gozag.
 17383 | D:9      | 17383 ||| Stepping ~*~*~tactically~*~*~ (stealth).
 17410 | D:9      | 17410 ||| Stepping ~*~*~tactically~*~*~ (stealth).
 17412 | D:9      | 17412 ||| FLEEEEING.
 17413 | D:9      | 17413 ||| FLEEEEING.
 17414 | D:9      | 17414 ||| FLEEEEING.
 17415 | D:9      | 17415 ||| FLEEEEING.
 17417 | D:9      | 17417 ||| FLEEEEING.
 17418 | D:9      | 17418 ||| FLEEEEING.
 17419 | D:9      | 17419 ||| FLEEEEING.
 17420 | D:9      | 17420 ||| FLEEEEING.
 17421 | D:9      | 17421 ||| FLEEEEING.
 17422 | D:9      | 17422 ||| FLEEEEING.
 17423 | D:9      | 17423 ||| FLEEEEING.
 17424 | D:9      | 17424 ||| FLEEEEING.
 17428 | D:9      | 17428 ||| STAIRDANCE
 17590 | D:8      | 17590 ||| READING scroll labelled MAUTOIJOAD.
 17590 | D:8      | Identified a scroll of acquirement
 17590 | D:8      | 17590 ||| ACQUIRING ring of ice
 17590 | D:8      | Acquired a ring of ice
 17681 | D:9      | 17681 ||| READING scroll of enchant weapon.
 17681 | D:9      | 17681 ||| ENCHANTING +1 war axe of venom.
 17776 | D:9      | 17776 ||| Stepping ~*~*~tactically~*~*~ (stealth).
 17778 | D:9      | 17778 ||| Stepping ~*~*~tactically~*~*~ (stealth).
 17779 | D:9      | 17779 ||| Stepping ~*~*~tactically~*~*~ (stealth).
 17782 | D:9      | 17782 ||| Stepping ~*~*~tactically~*~*~ (stealth).
 17785 | D:9      | 17785 ||| Stepping ~*~*~tactically~*~*~ (stealth).
 17786 | D:9      | 17786 ||| Stepping ~*~*~tactically~*~*~ (stealth).
 17787 | D:9      | 17787 ||| Stepping ~*~*~tactically~*~*~ (stealth).
 17791 | D:9      | 17791 ||| Stepping ~*~*~tactically~*~*~ (stealth).
 17792 | D:9      | 17792 ||| Stepping ~*~*~tactically~*~*~ (stealth).
 17793 | D:9      | 17793 ||| Stepping ~*~*~tactically~*~*~ (stealth).
 17817 | D:9      | Reached skill level 12 in Armour
 17909 | D:9      | Reached ***** piety under Trog
 17911 | D:9      | Found a staircase to the Orcish Mines.
 17919 | D:9      | 17919 ||| FLEEEEING.
 18222 | D:10     | Entered Level 10 of the Dungeon
 18248 | D:10     | 18248 ||| Stepping ~*~*~tactically~*~*~ (cloud).
 18256 | D:10     | 18256 ||| Stepping ~*~*~tactically~*~*~ (cloud).
 18257 | D:10     | 18257 ||| Stepping ~*~*~tactically~*~*~ (cloud).
 18338 | D:10     | 18338 ||| Stepping ~*~*~tactically~*~*~ (hiding).
 18484 | D:10     | Noticed Maurice
 18492 | D:10     | 18492 ||| DRINKING 8 potions of curing.
 18492 | D:10     | 18492 ||| (to cure confusion)
 18493 | D:10     | Killed Maurice
 18693 | D:10     | Noticed Psyche
 18711 | D:10     | Killed Psyche
 18870 | D:10     | 18870 ||| READING 7 scrolls of identify.
 18870 | D:10     | 18870 ||| IDENTIFYING yellow potion
 18871 | D:10     | 18871 ||| DROPPING potion of brilliance.
 18882 | D:11     | Noticed Erica
 18883 | D:11     | 18883 ||| INVOKING Brothers in Arms.
 18884 | D:11     | 18884 ||| INVOKING Berserk.
 18889 | D:11     | 18889 ||| DRINKING 7 potions of curing.
 18889 | D:11     | 18889 ||| (to cure confusion)
 18889 | D:11     | Killed Erica
 19006 | D:11     | 19006 ||| Stepping ~*~*~tactically~*~*~ (stealth).
 19165 | D:11     | Reached skill level 15 in Fighting
 19221 | D:11     | 19221 ||| Stepping ~*~*~tactically~*~*~ (stealth).
 19559 | D:11     | 19559 ||| Stepping ~*~*~tactically~*~*~ (stealth).
 19561 | D:11     | 19561 ||| Stepping ~*~*~tactically~*~*~ (hiding).
 19655 | D:11     | 19655 ||| PLANNING D
 19685 | D:12     | 19685 ||| FLEEEEING.
 19686 | D:12     | 19686 ||| FLEEEEING.
 19687 | D:12     | 19687 ||| FLEEEEING.
 19688 | D:12     | 19688 ||| FLEEEEING.
 19689 | D:12     | 19689 ||| FLEEEEING.
 19690 | D:12     | 19690 ||| FLEEEEING.
 19696 | D:12     | 19696 ||| Stepping ~*~*~tactically~*~*~ (hiding).
 19697 | D:12     | 19697 ||| Stepping ~*~*~tactically~*~*~ (hiding).
 19742 | D:12     | 19742 ||| Stepping ~*~*~tactically~*~*~ (stealth).
 19757 | D:12     | Reached skill level 6 in Dodging
 19845 | D:12     | 19845 ||| READING scroll of enchant weapon.
 19845 | D:12     | 19845 ||| ENCHANTING +2 war axe of venom.
 19852 | D:12     | Reached XP level 15. HP: 141/141 MP: 14/14
 19856 | D:12     | Found a transporter.
 19898 | D:12     | 19898 ||| Stepping ~*~*~tactically~*~*~ (stealth).
 19954 | D:12     | 19954 ||| FLEEEEING.
 19955 | D:12     | 19955 ||| FLEEEEING.
 19956 | D:12     | 19956 ||| FLEEEEING.
 19957 | D:12     | 19957 ||| FLEEEEING.
 19958 | D:12     | 19958 ||| FLEEEEING.
 19959 | D:12     | 19959 ||| FLEEEEING.
 19960 | D:12     | 19960 ||| FLEEEEING.
 19961 | D:12     | 19961 ||| FLEEEEING.
 19962 | D:12     | 19962 ||| FLEEEEING.
 19967 | D:12     | 19967 ||| FLEEEEING.
 20024 | D:12     | 20024 ||| Stepping ~*~*~tactically~*~*~ (stealth).
 20192 | D:12     | Identified the +9 great mace of Makhleb, Shimmering {drain,
                  | Str+4}
 20340 | D:12     | Noticed Cooqonn's ghost (journeyman DsVM)
 20389 | D:12     | 20389 ||| DROPPING amulet of regeneration.
 20390 | D:12     | 20390 ||| DROPPING ring of positive energy.
 20391 | D:12     | 20391 ||| DROPPING ring of ice.
 20405 | D:12     | Found a transporter.
 20437 | D:13     | 20437 ||| Stepping ~*~*~tactically~*~*~ (hiding).
 20440 | D:13     | 20440 ||| Stepping ~*~*~tactically~*~*~ (stealth).
 20510 | D:13     | 20510 ||| INVOKING Berserk.
 21328 | D:14     | 21328 ||| READING scroll of enchant weapon.
 21328 | D:14     | 21328 ||| ENCHANTING +3 war axe of venom.
 21335 | D:14     | 21335 ||| Stepping ~*~*~tactically~*~*~ (hiding).
 21340 | D:14     | 21340 ||| Stepping ~*~*~tactically~*~*~ (hiding).
 21346 | D:14     | 21346 ||| INVOKING Berserk.
 21506 | D:14     | 21506 ||| Stepping ~*~*~tactically~*~*~ (hiding).
 21578 | D:14     | 21578 ||| Stepping ~*~*~tactically~*~*~ (stealth).
 21679 | D:14     | 21679 ||| Stepping ~*~*~tactically~*~*~ (stealth).
 21680 | D:14     | 21680 ||| Stepping ~*~*~tactically~*~*~ (stealth).
 21697 | D:14     | 21697 ||| INVOKING Berserk.
 21708 | D:14     | 21708 ||| INVOKING Trog's Hand.
 21890 | D:14     | 21890 ||| Stepping ~*~*~tactically~*~*~ (hiding).
 21953 | D:14     | 21953 ||| FLEEEEING.
 21954 | D:14     | 21954 ||| FLEEEEING.
 21955 | D:14     | 21955 ||| FLEEEEING.
 21956 | D:14     | 21956 ||| FLEEEEING.
 21957 | D:14     | 21957 ||| FLEEEEING.
 21958 | D:14     | 21958 ||| FLEEEEING.
 21959 | D:14     | 21959 ||| STAIRDANCE
 22271 | D:14     | Noticed a frost giant
 22272 | D:14     | 22272 ||| Stepping ~*~*~tactically~*~*~ (stealth).
 22274 | D:14     | 22274 ||| INVOKING Brothers in Arms.
 22275 | D:14     | 22275 ||| INVOKING Berserk.
 22279 | D:14     | Killed a frost giant
 22592 | D:14     | 22592 ||| INVOKING Trog's Hand.
 22615 | D:14     | Found a gate to the Vaults.
 22742 | D:15     | Entered Level 15 of the Dungeon
 22743 | D:15     | 22743 ||| STAIRDANCE
 22847 | D:15     | 22847 ||| STAIRDANCE
 22995 | D:15     | 22995 ||| FLEEEEING.
 22996 | D:15     | 22996 ||| FLEEEEING.
 22997 | D:15     | 22997 ||| FLEEEEING.
 22998 | D:15     | 22998 ||| FLEEEEING.
 22999 | D:15     | 22999 ||| STAIRDANCE
 23176 | D:15     | 23176 ||| FLEEEEING.
 23177 | D:15     | 23177 ||| FLEEEEING.
 23180 | D:15     | 23180 ||| STAIRDANCE
 23237 | D:15     | 23237 ||| INVOKING Brothers in Arms.
 23238 | D:15     | 23238 ||| INVOKING Brothers in Arms.
 23239 | D:15     | 23239 ||| INVOKING Brothers in Arms.
 23241 | D:15     | 23241 ||| SWAPPING to +0 hand axe of flaming.
 23245 | D:15     | 23245 ||| SWAPPING to +4 war axe of venom.
 23458 | D:15     | 23458 ||| INVOKING Berserk.
 23479 | D:15     | Found a staircase to the Depths.
 23486 | D:15     | Received a gift from Trog
 23487 | D:15     | 23487 ||| INVOKING Brothers in Arms.
 23516 | D:15     | HP: 28/147 [tengu warrior/+0 broad axe (18)]
 23517 | D:15     | 23517 ||| READING 5 scrolls of teleportation.
 23518 | D:15     | 23518 ||| DRINKING 3 potions of heal wounds.
 23843 | D:15     | 23843 ||| SWAPPING to +3 vorpal broad axe.
 23844 | D:15     | 23844 ||| DROPPING +4 war axe of venom.
 23871 | D:15     | Found a sacrificial altar of Ru.
 24270 | D:15     | 24270 ||| PLANNING ORC
 24270 | D:15     | 24270 ||| UPGRADING to +2 kite shield.
 24280 | D:15     | 24280 ||| DROPPING +0 kite shield.
 24474 | D:9      | 24474 ||| FLEEEEING.
 24523 | D:9      | 24523 ||| FLEEEEING.
 24524 | D:9      | 24524 ||| FLEEEEING.
 24525 | D:9      | 24525 ||| FLEEEEING.
 24526 | D:9      | 24526 ||| FLEEEEING.
 24586 | D:9      | 24586 ||| FLEEEEING.
 24587 | D:9      | 24587 ||| FLEEEEING.
 24672 | D:9      | 24672 ||| FLEEEEING.
 24673 | D:9      | 24673 ||| FLEEEEING.
 24674 | D:9      | 24674 ||| FLEEEEING.
 24734 | Orc:1    | Entered Level 1 of the Orcish Mines
 24835 | Orc:1    | Found an iron altar of Okawaru.
 24895 | Orc:1    | Found a transporter.
 24898 | Orc:1    | 24898 ||| INVOKING Brothers in Arms.
 24899 | Orc:1    | Noticed esran's ghost (journeyman TrFi)
 24901 | Orc:1    | 24901 ||| INVOKING Berserk.
 25020 | Orc:1    | Found a transporter.
 25060 | Orc:1    | 25060 ||| Stepping ~*~*~tactically~*~*~ (hiding).
 25062 | Orc:1    | 25062 ||| Stepping ~*~*~tactically~*~*~ (hiding).
 25064 | Orc:1    | 25064 ||| Stepping ~*~*~tactically~*~*~ (hiding).
 25067 | Orc:1    | 25067 ||| INVOKING Trog's Hand.
 25068 | Orc:1    | 25068 ||| INVOKING Berserk.
 25083 | Orc:1    | 25083 ||| Stepping ~*~*~tactically~*~*~ (stealth).
 25087 | Orc:1    | 25087 ||| Stepping ~*~*~tactically~*~*~ (stealth).
 25088 | Orc:1    | 25088 ||| Stepping ~*~*~tactically~*~*~ (stealth).
 25089 | Orc:1    | 25089 ||| Stepping ~*~*~tactically~*~*~ (stealth).
 25094 | Orc:1    | 25094 ||| Stepping ~*~*~tactically~*~*~ (stealth).
 25096 | Orc:1    | 25096 ||| Stepping ~*~*~tactically~*~*~ (stealth).
 25097 | Orc:1    | 25097 ||| Stepping ~*~*~tactically~*~*~ (stealth).
 25117 | Orc:1    | 25117 ||| Stepping ~*~*~tactically~*~*~ (hiding).
 25120 | Orc:1    | 25120 ||| Stepping ~*~*~tactically~*~*~ (hiding).
 25122 | Orc:1    | 25122 ||| Stepping ~*~*~tactically~*~*~ (hiding).
 25128 | Orc:1    | 25128 ||| Stepping ~*~*~tactically~*~*~ (hiding).
 25129 | Orc:1    | 25129 ||| Stepping ~*~*~tactically~*~*~ (hiding).
 25394 | Orc:2    | Entered Level 2 of the Orcish Mines
 25405 | Orc:2    | Found a staircase to the Elven Halls.
 25420 | Orc:2    | Found Ciwet's Antique Weapon Emporium.
 25433 | Orc:2    | 25433 ||| BUYING glowing broad axe (217 gold).
 25433 | Orc:2    | Bought a glowing broad axe for 217 gold pieces
 25433 | Orc:2    | 25433 ||| SWAPPING to +1 broad axe of electrocution.
 25434 | Orc:2    | 25434 ||| DROPPING +3 vorpal broad axe.
 25456 | Orc:2    | 25456 ||| Stepping ~*~*~tactically~*~*~ (hiding).
 25458 | Orc:2    | 25458 ||| Stepping ~*~*~tactically~*~*~ (hiding).
 25624 | Orc:2    | Found Nuappogg's Distillery.
 25639 | Orc:2    | 25639 ||| INVOKING Berserk.
 25643 | Orc:2    | Found Malast's Distillery.
 25781 | Orc:2    | 25781 ||| BUYING 2 potions of cancellation (240 gold).
 25781 | Orc:2    | Bought 2 potions of cancellation for 240 gold pieces
 25781 | Orc:2    | 25781 ||| BUYING potion of curing (45 gold).
 25781 | Orc:2    | Bought a potion of curing for 45 gold pieces
 25781 | Orc:2    | 25781 ||| BUYING potion of curing (45 gold).
 25781 | Orc:2    | Bought a potion of curing for 45 gold pieces
 25781 | Orc:2    | 25781 ||| BUYING potion of curing (45 gold).
 25781 | Orc:2    | Bought a potion of curing for 45 gold pieces
 25781 | Orc:2    | 25781 ||| BUYING potion of heal wounds (75 gold).
 25781 | Orc:2    | Bought a potion of heal wounds for 75 gold pieces
 25781 | Orc:2    | 25781 ||| BUYING potion of might (60 gold).
 25781 | Orc:2    | Bought a potion of might for 60 gold pieces
 25783 | Orc:2    | 25783 ||| BUYING 2 potions of haste (280 gold).
 25783 | Orc:2    | Bought 2 potions of haste for 280 gold pieces
 25783 | Orc:2    | 25783 ||| BUYING potion of curing (42 gold).
 25783 | Orc:2    | Bought a potion of curing for 42 gold pieces
 25783 | Orc:2    | 25783 ||| BUYING potion of haste (140 gold).
 25783 | Orc:2    | Bought a potion of haste for 140 gold pieces
 25783 | Orc:2    | 25783 ||| BUYING potion of haste (140 gold).
 25783 | Orc:2    | Bought a potion of haste for 140 gold pieces
 25783 | Orc:2    | 25783 ||| BUYING potion of heal wounds (70 gold).
 25783 | Orc:2    | Bought a potion of heal wounds for 70 gold pieces
 25877 | Orc:2    | 25877 ||| Stepping ~*~*~tactically~*~*~ (hiding).
 25880 | Orc:2    | 25880 ||| INVOKING Berserk.
 26013 | Orc:2    | 26013 ||| Stepping ~*~*~tactically~*~*~ (hiding).
 26025 | Orc:2    | 26025 ||| INVOKING Berserk.
 26090 | Orc:2    | 26090 ||| Stepping ~*~*~tactically~*~*~ (stealth).
 26117 | Orc:2    | 26117 ||| INVOKING Trog's Hand.
 26118 | Orc:2    | 26118 ||| INVOKING Berserk.
 26169 | Orc:2    | 26169 ||| INVOKING Berserk.
 26173 | Orc:2    | Reached XP level 16. HP: 155/155 MP: 15/15
 26191 | Orc:2    | 26191 ||| INVOKING Trog's Hand.
 26204 | Orc:2    | 26204 ||| INVOKING Trog's Hand.
 26225 | Orc:2    | Found Futhab's Antique Weapon Emporium.
 26225 | Orc:2    | Found Tiocoennoss's Jewellery Shoppe.
 26235 | Orc:2    | Found a one-way gate leading to the halls of Pandemonium.
 26239 | Orc:2    | 26239 ||| SHOPLISTING amulet "Ecviymef" {Spirit rElec
                  | rPois} (674 gold, have 379).
 26249 | Orc:2    | Reached skill level 18 in Axes
 26313 | Orc:2    | 26313 ||| Stepping ~*~*~tactically~*~*~ (hiding).
 26334 | Orc:2    | 26334 ||| Stepping ~*~*~tactically~*~*~ (stealth).
 26345 | Orc:2    | Reached skill level 16 in Shields
 26542 | Orc:2    | Found a shimmering blue altar of Sif Muna.
 26702 | Orc:2    | 26702 ||| PLANNING SNAKE:1-3
 26912 | Snake:1  | Entered Level 1 of the Snake Pit
 27096 | Snake:1  | 27096 ||| Stepping ~*~*~tactically~*~*~ (stealth).
 27357 | Snake:1  | 27357 ||| Stepping ~*~*~tactically~*~*~ (hiding).
 27494 | Snake:1  | 27494 ||| INVOKING Berserk.
 27669 | Snake:1  | Identified Roxanne's Discourse on Bedrock
 27669 | Snake:1  | Noticed Roxanne
 27675 | Snake:1  | 27675 ||| INVOKING Berserk.
 27684 | Snake:1  | Killed Roxanne
 27793 | Snake:1  | 27793 ||| INVOKING Berserk.
 27820 | Snake:1  | 27820 ||| Stepping ~*~*~tactically~*~*~ (hiding).
 27823 | Snake:1  | Reached skill level 18 in Fighting
 28217 | Snake:1  | 28217 ||| Stepping ~*~*~tactically~*~*~ (hiding).
 28221 | Snake:1  | 28221 ||| Stepping ~*~*~tactically~*~*~ (hiding).
 28374 | Snake:1  | Found an ornate altar of the Wu Jian Council.
 28757 | Snake:1  | 28757 ||| DROPPING +1 chain mail of fire resistance.
 28790 | Snake:2  | HP: 34/157 [rock wall collision (15)]
 28791 | Snake:2  | 28791 ||| READING 7 scrolls of teleportation.
 28792 | Snake:2  | 28792 ||| DRINKING 4 potions of heal wounds.
 28793 | Snake:2  | 28793 ||| DRINKING 3 potions of heal wounds.
 28794 | Snake:2  | 28794 ||| INVOKING Berserk.
 29323 | Snake:2  | Found Luosax's Antique Armour Boutique.
 29384 | Snake:2  | 29384 ||| BUYING runed hat (273 gold).
 29384 | Snake:2  | Bought a runed hat for 273 gold pieces
 29412 | Snake:2  | Found a shimmering blue altar of Sif Muna.
 29556 | Snake:2  | 29556 ||| INVOKING Berserk.
 29614 | Snake:2  | 29614 ||| Stepping ~*~*~tactically~*~*~ (hiding).
 29615 | Snake:2  | 29615 ||| Stepping ~*~*~tactically~*~*~ (hiding).
 29617 | Snake:2  | 29617 ||| Stepping ~*~*~tactically~*~*~ (hiding).
 29624 | Snake:2  | Reached skill level 15 in Armour
 30084 | Snake:2  | 30084 ||| DROPPING +0 hand axe of flaming.
 30631 | Snake:2  | 30631 ||| Stepping ~*~*~tactically~*~*~ (hiding).
 30757 | Snake:2  | Received a gift from Trog
 30762 | Snake:2  | 30762 ||| Stepping ~*~*~tactically~*~*~ (hiding).
 30914 | Snake:2  | 30914 ||| UPGRADING to +1 hat.
 30919 | Snake:2  | 30919 ||| UPGRADING to +0 tower shield.
 30929 | Snake:2  | 30929 ||| DROPPING +2 kite shield.
 30930 | Snake:2  | 30930 ||| READING 2 scrolls labelled QOEGIR MOTAJUN.
 30931 | Snake:2  | 30931 ||| DROPPING scroll of immolation.
 30989 | Snake:3  | 30989 ||| Stepping ~*~*~tactically~*~*~ (hiding).
 30993 | Snake:3  | 30993 ||| INVOKING Berserk.
 31341 | Snake:3  | 31341 ||| INVOKING Berserk.
 31345 | Snake:3  | Reached skill level 17 in Shields
 31464 | Snake:3  | 31464 ||| INVOKING Berserk.
 31876 | Snake:3  | 31876 ||| INVOKING Berserk.
 32124 | Snake:3  | 32124 ||| Stepping ~*~*~tactically~*~*~ (hiding).
 32194 | Snake:3  | 32194 ||| Stepping ~*~*~tactically~*~*~ (hiding).
 32201 | Snake:3  | 32201 ||| INVOKING Berserk.
 32395 | Snake:3  | 32395 ||| PLANNING SWAMP:1-3
 32545 | Swamp:1  | Entered Level 1 of the Swamp
 32546 | Swamp:1  | 32546 ||| INVOKING Brothers in Arms.
 32547 | Swamp:1  | 32547 ||| SWAPPING to +1 hand axe of flaming.
 32548 | Swamp:1  | 32548 ||| INVOKING Berserk.
 32574 | Swamp:1  | 32574 ||| SWAPPING to +1 broad axe of electrocution.
 32702 | Swamp:1  | 32702 ||| SWAPPING to +1 hand axe of flaming.
 32709 | Swamp:1  | 32709 ||| SWAPPING to +1 broad axe of electrocution.
 32729 | Swamp:1  | 32729 ||| Stepping ~*~*~tactically~*~*~ (hiding).
 32730 | Swamp:1  | 32730 ||| Stepping ~*~*~tactically~*~*~ (hiding).
 32736 | Swamp:1  | 32736 ||| INVOKING Berserk.
 32745 | Swamp:1  | Reached skill level 18 in Shields
 32776 | Swamp:1  | 32776 ||| Stepping ~*~*~tactically~*~*~ (water).
 32996 | Swamp:1  | 32996 ||| Stepping ~*~*~tactically~*~*~ (hiding).
 33004 | Swamp:1  | 33004 ||| INVOKING Berserk.
 33225 | Swamp:1  | 33225 ||| Stepping ~*~*~tactically~*~*~ (stealth).
 33228 | Swamp:1  | 33228 ||| Stepping ~*~*~tactically~*~*~ (hiding).
 33345 | Swamp:1  | 33345 ||| Stepping ~*~*~tactically~*~*~ (hiding).
 33348 | Swamp:1  | 33348 ||| Stepping ~*~*~tactically~*~*~ (hiding).
 33469 | Swamp:1  | 33469 ||| Stepping ~*~*~tactically~*~*~ (water).
 33514 | Swamp:1  | 33514 ||| Stepping ~*~*~tactically~*~*~ (water).
 33521 | Swamp:1  | 33521 ||| Stepping ~*~*~tactically~*~*~ (cloud).
 33637 | Swamp:1  | 33637 ||| Stepping ~*~*~tactically~*~*~ (stealth).
 33642 | Swamp:1  | 33642 ||| Stepping ~*~*~tactically~*~*~ (stealth).
 33701 | Swamp:1  | 33701 ||| Stepping ~*~*~tactically~*~*~ (stealth).
 33703 | Swamp:1  | 33703 ||| Stepping ~*~*~tactically~*~*~ (stealth).
 33767 | Swamp:1  | 33767 ||| SWAPPING to +1 hand axe of flaming.
 33774 | Swamp:1  | Reached XP level 17. HP: 165/165 MP: 16/16
 33777 | Swamp:1  | 33777 ||| SWAPPING to +1 broad axe of electrocution.
 34210 | Swamp:2  | 34210 ||| INVOKING Berserk.
 34513 | Swamp:2  | 34513 ||| INVOKING Berserk.
 34515 | Swamp:2  | Reached skill level 19 in Shields
 34982 | Swamp:2  | You fall into a shaft and drop 1 floor!
 34983 | Swamp:3  | 34983 ||| SWAPPING to +1 hand axe of flaming.
 34988 | Swamp:3  | 34988 ||| SWAPPING to +1 broad axe of electrocution.
 34990 | Swamp:3  | 34990 ||| Stepping ~*~*~tactically~*~*~ (hiding).
 35060 | Swamp:3  | 35060 ||| DROPPING +2 chain mail of willpower.
 35061 | Swamp:3  | 35061 ||| UPGRADING to +2 pair of gloves.
 35071 | Swamp:3  | 35071 ||| DROPPING +0 pair of gloves.
 35072 | Swamp:3  | 35072 ||| DROPPING +6 ring of dexterity.
 35443 | Swamp:3  | Noticed a tentacled monstrosity
 35444 | Swamp:3  | 35444 ||| INVOKING Brothers in Arms.
 35446 | Swamp:3  | 35446 ||| INVOKING Berserk.
 35452 | Swamp:3  | Killed a tentacled monstrosity
 35752 | Swamp:3  | 35752 ||| INVOKING Berserk.
 36024 | Swamp:3  | Noticed Donald
 36027 | Swamp:3  | 36027 ||| INVOKING Berserk.
 36054 | Swamp:3  | HP: 29/165 [Donald/+4 scimitar of electrocution (14)]
 36055 | Swamp:3  | 36055 ||| READING 7 scrolls of teleportation.
 36055 | Swamp:3  | HP: 6/165 [Donald/+4 scimitar of electrocution (24)]
 36056 | Swamp:3  | 36056 ||| DRINKING 3 potions of heal wounds.
 36328 | Swamp:3  | 36328 ||| INVOKING Berserk.
 36338 | Swamp:3  | Reached skill level 20 in Shields
 36363 | Swamp:3  | 36363 ||| Stepping ~*~*~tactically~*~*~ (stealth).
 36364 | Swamp:3  | 36364 ||| Stepping ~*~*~tactically~*~*~ (stealth).
 36494 | Swamp:3  | 36494 ||| Stepping ~*~*~tactically~*~*~ (hiding).
 36500 | Swamp:3  | 36500 ||| Stepping ~*~*~tactically~*~*~ (stealth).
 36506 | Swamp:3  | 36506 ||| INVOKING Berserk.
 36664 | Swamp:3  | 36664 ||| READING scroll of enchant armour.
 36664 | Swamp:3  | 36664 ||| ENCHANTING +1 hat.
 36711 | Swamp:3  | 36711 ||| Stepping ~*~*~tactically~*~*~ (water).
 36712 | Swamp:3  | 36712 ||| INVOKING Berserk.
 36721 | Swamp:3  | Killed Donald
 36964 | Swamp:3  | 36964 ||| INVOKING Berserk.
 37173 | Swamp:3  | 37173 ||| PLANNING SNAKE:4
 37354 | Snake:4  | Entered Level 4 of the Snake Pit
 37355 | Snake:4  | 37355 ||| STAIRDANCE
 37461 | Snake:4  | 37461 ||| STAIRDANCE
 37471 | Snake:4  | Noticed Saint Roka
 37476 | Snake:4  | 37476 ||| INVOKING Berserk.
 37492 | Snake:4  | Killed Saint Roka
 37496 | Snake:4  | HP: 42/168 [naga/+0 halberd (14)]
 37497 | Snake:4  | 37497 ||| READING 6 scrolls of teleportation.
 37498 | Snake:4  | 37498 ||| DRINKING 2 potions of heal wounds.
 37499 | Snake:4  | 37499 ||| DRINKING potion of heal wounds.
 38180 | Snake:4  | 38180 ||| READING scroll of brand weapon.
 38180 | Snake:4  | 38180 ||| BRANDING +1 broad axe of electrocution.
 38218 | Snake:4  | 38218 ||| Stepping ~*~*~tactically~*~*~ (hiding).
 38226 | Snake:4  | 38226 ||| Stepping ~*~*~tactically~*~*~ (hiding).
 38282 | Snake:4  | 38282 ||| FLEEEEING.
 38509 | Snake:4  | Found a hide-covered altar of Uskayaw.
 38574 | Snake:4  | 38574 ||| Stepping ~*~*~tactically~*~*~ (hiding).
 38616 | Snake:4  | 38616 ||| FLEEEEING.
 38617 | Snake:4  | 38617 ||| FLEEEEING.
 38712 | Snake:4  | 38712 ||| INVOKING Berserk.
 39023 | Snake:4  | 39023 ||| INVOKING Berserk.
 39044 | Snake:4  | HP: 62/252 [nagaraja/+0 whip (8)]
 39046 | Snake:4  | 39046 ||| INVOKING Brothers in Arms.
 39047 | Snake:4  | HP: 26/168 [naga warrior/+2 trident of flaming (9)]
 39052 | Snake:4  | HP: 14/168 [poisoned by a naga mage (bolt of poison)]
 39052 | Snake:4  | Slain by a naga warrior

Levels and vault maps discovered:
D:1:      dpeg_arrival_castle, layout_basic, serial_shops, nicolae_diamond_shop
D:2:      layout_loops_ring, shapermc_ecumenical_altar_notcrosses
D:3:      layout_loops_ring
D:4:      layout_basic
D:5:      minmay_diamond_boxcup, layout_rooms, kiku_gazebo_garden_becter,
          nicolae_dithmenos_through_a_glass_darkly
D:6:      layout_rooms
D:7:      layout_loops_corners, minmay_temple_entry_ruins
D:8:      layout_loops_cross, lemuel_doored_altar,
          nicolae_overflow_quartered_altars, lair_entry_dummy, serial_shops,
          shop, uniq_pikel
D:9:      layout_basic, mainiacjoe_overflow_tiny_flanked, erik_orc_2
D:10:     layout_long_grid, uniq_psyche, uniq_maurice
D:11:     layout_loops_ring, uniq_erica
D:12:     layout_irregular_city, gammafunk_ghost_smash
D:13:     layout_loops_ring
D:14:     layout_basic, david_vaults_4
D:15:     gammafunk_depths_entry_grave, layout_cave_pods,
          nicolae_ru_awakened_eye
Lair:1:   layout_regular_city, dreamdust_gnoll_shepherd, serial_bayou_shore_a
Lair:2:   layout_gridlike, minmay_snake_entry_six_corridors
Lair:3:   layout_loops_ring, swamp_mist
Lair:4:   layout_regular_city, grunt_megastairs_4, infiniplex_staircase_pool
Lair:5:   gammafunk_lair_ancient_temple, layout_cave_pods, slime_entry_1
Swamp:1:  layout_basic_swamp, evilmike_swamp_ruin_rubble_2, swamp_pool1,
          nicolae_swamp_bloodsuckers_inc
Swamp:2:  nicolae_swamp_tree_isthmus, layout_basic_swamp,
          evilmike_swamp_ruin_house_1
Swamp:3:  nicolae_swamp_phyte_club, layout_basic_swamp,
          evilmike_swamp_ruin_house_3, uniq_donald
Snake:1:  layout_chambers, basic_altar, nicolae_triple_integral, uniq_roxanne
Snake:2:  layout_cave_pods, basic_altar, serial_shops, shop,
          guppyfry_library_mini
Snake:3:  layout_onion, nicolae_coiled_stairwell_up
Snake:4:  snake_hunt, layout_onion_interference, grunt_ministairs_6,
          lemuel_altar_in_water2, nicolae_snake_guarding_the_ruins,
          uniq_saint_roka
Orc:1:    layout_caves, gammafunk_ghost_arena, okawaru_metal_pillars_1_2
Orc:2:    pf_orc_diabolical, layout_caves, serial_shops, shop_fountains,
          kennysheep_orc_sif_temple

Skill      XL: |  1  2  3  4  5  6  7  8  9 10 11 12 13 14 15 16 17 |
---------------+----------------------------------------------------+-----
Axes           | 4 5 6 7 8 9 10 12 14 16 17 18 | 18.0
Fighting       | 4 6 7 8 10 12 14 15 17 18 19 | 19.5
Armour         | 3 4 6 8 9 10 11 12 14 15 16 | 16.0
Throwing       | 1 2 4 6 |  6.2
Dodging        | 3 4 5 6 7 8 |  8.0
Shields        | 6 13 15 18 20 | 20.3

Action                   |  1- 3 |  4- 6 |  7- 9 | 10-12 | 13-15 | 16-18 || total
-------------------------+-------+-------+-------+-------+-------+-------++-------
Melee: Hand axe          |    44 |    97 |       |    34 |    14 |    27 ||   216
       Headbutt          |     2 |    14 |    39 |    76 |   191 |   214 ||   536
       War axe           |       |    29 |   266 |   401 |   692 |       ||  1388
       Punch             |       |     2 |     4 |     1 |       |       ||     7
       Broad axe         |       |       |       |       |   151 |   918 ||  1069
Throw: Boomerang         |    37 |    45 |    53 |    68 |   130 |    57 ||   390
       Javelin           |       |       |       |     7 |    28 |       ||    35
Invok: Berserk           |     1 |     7 |    13 |    26 |    18 |    25 ||    90
       Brothers in Arms  |       |       |       |     3 |     6 |     3 ||    12
       Trog's Hand       |       |       |       |       |     7 |     2 ||     9
  Use: Scroll            |     3 |     6 |     5 |     4 |    11 |     6 ||    35
       Potion            |       |     1 |     3 |     3 |     7 |     5 ||    19
 Stab: Distracted        |       |       |       |     1 |     1 |       ||     2
Armor: Animal skin       |     2 |       |       |       |       |       ||     2
       Leather armour    |     7 |     4 |       |       |       |       ||    11
       Chain mail        |       |    26 |    30 |   191 |   312 |   271 ||   830
       Quicksilver drago |       |       |    67 |     4 |       |       ||    71
Dodge: Dodged            |    22 |    28 |    58 |   149 |   148 |   175 ||   580
Block: Other             |       |    14 |    39 |    36 |       |       ||    89
       Reflection        |       |       |     1 |     4 |    41 |    83 ||   129
       Kite shield       |       |       |       |   138 |   597 |   275 ||  1010
       Tower shield      |       |       |       |       |       |   589 ||   589

Table legend:
 A = Non-vault XP
 B = Vault XP
 C = Vault XP percentage of total XP
 D = Non-vault monster count
 E = Vault monster count
 F = Vault count percentage of total count
                 A         B        C        D         E       F
            +---------+---------+-------+---------+---------+-------
      Total |  168598 |   69835 |  29.3 |     644 |     197 |  23.4
            +---------+---------+-------+---------+---------+-------
        D:1 |      31 |       0 |   0.0 |      20 |       0 |   0.0
        D:2 |     146 |       0 |   0.0 |      29 |       0 |   0.0
        D:3 |     411 |       0 |   0.0 |      31 |       0 |   0.0
        D:4 |     335 |       0 |   0.0 |      32 |       0 |   0.0
        D:5 |     814 |     365 |  31.0 |       9 |       8 |  47.1
        D:6 |    1143 |       0 |   0.0 |      18 |       0 |   0.0
        D:7 |     768 |       0 |   0.0 |      12 |       0 |   0.0
        D:8 |    1564 |     651 |  29.4 |      34 |       1 |   2.9
        D:9 |    4091 |     594 |  12.7 |      25 |      19 |  43.2
       D:10 |    2745 |     848 |  23.6 |      13 |       2 |  13.3
       D:11 |    1761 |     826 |  31.9 |      16 |       1 |   5.9
       D:12 |    5290 |       0 |   0.0 |      21 |       0 |   0.0
       D:13 |    4153 |       0 |   0.0 |       8 |       0 |   0.0
       D:14 |   15039 |    2233 |  12.9 |      30 |       3 |   9.1
       D:15 |    6254 |    4940 |  44.1 |      13 |       8 |  38.1
     Lair:1 |    5561 |     854 |  13.3 |      27 |       5 |  15.6
     Lair:2 |    3286 |    1886 |  36.5 |       6 |       8 |  57.1
     Lair:3 |    9319 |       0 |   0.0 |      36 |       0 |   0.0
     Lair:4 |    2425 |    1486 |  38.0 |      10 |       5 |  33.3
     Lair:5 |   19190 |    4815 |  20.1 |      64 |      11 |  14.7
    Swamp:1 |   11128 |    2305 |  17.2 |      25 |      10 |  28.6
    Swamp:2 |    5690 |       0 |   0.0 |      13 |       0 |   0.0
    Swamp:3 |   11434 |    6652 |  36.8 |      18 |       7 |  28.0
    Snake:1 |   12652 |    1257 |   9.0 |      25 |       1 |   3.8
    Snake:2 |   14597 |    2929 |  16.7 |      29 |       7 |  19.4
    Snake:3 |   12721 |    2148 |  14.4 |      23 |       5 |  17.9
    Snake:4 |   11891 |   18379 |  60.7 |      23 |      35 |  60.3
      Orc:1 |    3153 |       0 |   0.0 |      24 |       0 |   0.0
      Orc:2 |    1006 |   16667 |  94.3 |      10 |      61 |  85.9
            +---------+---------+-------+---------+---------+-------
